 Dungeon Crawl Stone Soup version 0.27-a0-96-gb51a1d6fd6 (webtiles) character file.

Game seed: 4802549394179489973

170 Klosterheim the Changer (level 5, -2/37 HPs)
             Began as a Human Transmuter on Jan 19, 2021.
             Slain by Sigmund
             ... wielding a +0 scythe
              (7 damage)
             ... on level 2 of the Dungeon.
             The game lasted 00:07:17 (2983 turns).

Klosterheim the Changer (Human Transmuter)          Turns: 2983, Time: 00:07:17

Health: -2/37      AC:  2    Str: 11    XL:     5   Next: 80%
Magic:  6/8        EV: 12    Int: 14    God:
Gold:   45         SH:  0    Dex: 13    Spells: 5/8 levels left

rFire    . . .     SeeInvis .   f - +10 club
rCold    + . .     Faith    .   (no shield)
rNeg     . . .     Spirit   .   l - +0 robe {rC+}
rPois    .         Reflect  .   (helmet currently unavailable)
rElec    .         Harm     .   (no cloak)
rCorr    .         Rampage  .   (no gloves)
Will     .....                  (boots currently unavailable)
Stlth    ++........             (no amulet)
HPRegen  0.12/turn              (no ring)
MPRegen  0.11/turn              (no ring)

@: appendages (expiring), wereblooded
A: horns 2, talons 2
a: End Transformation


You were on level 2 of the Dungeon.
You had grown temporary horns.
You had grown temporary talons.
You visited 1 branch of the dungeon, and saw 2 of its levels.

You collected 45 gold pieces.

Inventory:

Hand Weapons
 a - a +0 hunting sling
 f - a +10 club (weapon)
Missiles
 g - 48 stones
Armour
 l - a +0 robe of cold resistance (worn)
Jewellery
 o - a +6 ring of dexterity
Scrolls
 c - 3 scrolls of remove curse {unknown}
 i - a scroll of noise {unknown}
 j - a scroll of teleportation {unknown}
 m - a scroll of random uselessness {unknown}
 n - 4 scrolls of magic mapping {unknown}
Potions
 b - a potion of lignification {unknown}
 e - a potion of mutation {unknown}
 h - 2 potions of brilliance {unknown}
 k - a potion of flight {unknown}
 p - a potion of resistance {unknown}


   Skills:
 - Level 1.0 Fighting
 - Level 2.0 Dodging
 - Level 2.0 Stealth
 - Level 4.0 Unarmed Combat
 - Level 2.0 Spellcasting
 + Level 4.4 Transmutations


You had 5 spell levels left.
You knew the following spells:

 Your Spells              Type           Power        Failure   Level
a - Beastly Appendage     Tmut           26%          4%          1
b - Wereblood             Tmut           13%          6%          2

Your spell library contained the following spells:

 Spells                   Type           Power        Failure   Level
 Spider Form              Tmut/Pois      3%           28%         3
 Ice Form                 Ice/Tmut       7%           67%         4
 Blade Hands              Tmut           6%           73%         5


Dungeon Overview and Level Annotations

Branches:
Dungeon (2/15)

Altars:
Qazlal
Yredelemnul

Annotations:
D:2 Sigmund


Innate Abilities, Weirdness & Mutations

You have a pair of horns on your head.
You have razor-sharp toenails.


Message History

Confirm with . or Enter, or press ? or * to list all spells.
You grow a pair of large bovine horns.
Your feet morph into talons.
Something hits you! Something hits you!
Casting: Beastly Appendage (safe; 4% risk of failure)
Confirm with . or Enter, or press ? or * to list all spells.
Your blood is infused with primal strength.
Your transformation is almost over.
Something hits you.
You hear some strange, mumbled words.
You are confused.
You closely miss something. Your kick misses something.
Something completely misses you.
You're too confused to move!
Something hits you!
* * * LOW HITPOINT WARNING * * *
You feel better.
You thump something! You claw something. Something hits you!
* * * LOW HITPOINT WARNING * * *
You closely miss something. You headbutt something. Something hits you!
You die...

.>......
#§§§§#.#§§§§#..
#......
#§§§§#.#§§§§#.#
#.....#
#§§§§#.#§§§§#..
#.....
######.######..
#....#
#####...##.###.
#....#
#...........##.
#....#
#.#.####.#..##.
####.######.#.#
#.#.....
#......{@.....#
#.#.####
#.###.#####.#.#
#.#.# # ....
#.#.# #.#.#
#.#.##
#.######.#.#
#.#..
#........#.####
# ###
######.......).
#.........
#####.........
#.............


There were no monsters in sight!

Vanquished Creatures
  Jessica (D:2)
  Natasha (D:2)
  5 adders (D:2)
  2 oozes (D:2)
  2 worms (D:2)
  A dart slug (D:2)
  4 leopard geckos
  2 giant cockroaches (D:1)
  7 goblins
  3 hobgoblins
  4 jackals (D:1)
  5 kobolds
  6 bats
  7 frilled lizards
  11 rats
  A spectral orc (D:2)
62 creatures vanquished.

Notes
Turn   | Place    | Note
-------+----------+-------------------------------------------
     0 | D:1      | Klosterheim the Human Transmuter began the quest for the
                  | Orb.
     0 | D:1      | Reached XP level 1. HP: 15/15 MP: 3/3
    35 | D:1      | Reached XP level 2. HP: 13/21 MP: 3/5
   865 | D:1      | Reached XP level 3. HP: 22/26 MP: 4/6
   871 | D:1      | Reached skill level 1 in Stealth
  1251 | D:1      | Learned a level 2 spell: Wereblood
  1596 | D:2      | Found a basalt altar of Yredelemnul.
  2015 | D:2      | Reached XP level 4. HP: 25/32 MP: 4/7
  2322 | D:2      | Noticed Jessica
  2323 | D:2      | Noticed Natasha
  2343 | D:2      | Killed Natasha
  2355 | D:2      | Killed Jessica
  2356 | D:2      | Reached XP level 5. HP: 14/37 MP: 6/8
  2887 | D:2      | Found a stormy altar of Qazlal.
  2967 | D:2      | Noticed Sigmund
  2983 | D:2      | Slain by Sigmund

Illustrated notes

Levels and vault maps discovered:
D:1:      giann_bridges, layout_basic
D:2:      layout_basic, nicolae_qazlal_eye_of_the_storm,
          yredelemnul_forgotten_temple_becter, uniq_sigmund, uniq_jessica,
          uniq_natasha

Skill      XL: |  1  2  3  4  5 |
---------------+----------------+-----
Transmutations | 3 4 |  4.4
Stealth        | 2 |  2.0
Unarmed Combat | 4 |  4.0
Fighting       | |  1.0
Dodging        | |  2.0
Spellcasting   | |  2.0

Action                   |  1- 3 |  4- 6 || total
-------------------------+-------+-------++-------
Melee: Unarmed           |   111 |    22 ||   133
       Kick              |    15 |     3 ||    18
       Headbutt          |     4 |     2 ||     6
       Punch             |     2 |       ||     2
       Club              |       |    33 ||    33
 Cast: Beastly Appendage |    22 |     3 ||    25
       Wereblood         |     4 |     3 ||     7
  Use: Potion            |       |     3 ||     3
 Stab: Distracted        |     1 |       ||     1
       Sleeping          |     1 |       ||     1
Armor: Robe              |    18 |     8 ||    26
Dodge: Dodged            |    91 |    35 ||   126

Table legend: (Time is in decaauts)
 A = Elapsed time spent in this place.
 B = Non-inter-level travel time spent in this place.
 C = Inter-level travel time spent in this place.
 D = Time resting spent in this place.
 E = Time spent auto-exploring this place.
 F = Levels seen in this place.
 G = Mean time per level.
                   A        B        C        D        E       F      G
               +--------+--------+--------+--------+--------+-----+--------+
         Total |   2992 |   2637 |    355 |    974 |   1177 |   2 | 1496.0 |
       Dungeon |   2992 |   2637 |    355 |    974 |   1177 |   2 | 1496.0 |
               +--------+--------+--------+--------+--------+-----+--------+

Top non-repeatable levels by time:
     D:1: 1527 daAuts
     D:2: 1464 daAuts
